 Dungeon Crawl Stone Soup version 0.30-a0-134-gb40fab5c76 (webtiles) character file.

Game seed: 16660847854465677947

44296 jlumianski the Cleaver (level 14, -9/88 HPs)
             Began as a Gargoyle Gladiator on Sept 20, 2022.
             Was an Elder of Qazlal.
             Killed by divine providence
             ... invoked by Saint Roka
              (14 damage)
             ... while paralysed by an orc sorcerer
             ... on level 2 of the Orcish Mines.
             The game lasted 01:17:51 (17748 turns).

jlumianski the Cleaver (Gargoyle Gladiator)        Turns: 17748, Time: 01:17:52

Health: -9/88      AC: 39    Str: 34    XL:     14   Next: 28%
Magic:  14/18      EV:  2    Int:  8    God:    Qazlal [****..]
Gold:   1115       SH:  0    Dex: 11    Spells: 13/13 levels left

rFire   . . .      SeeInvis .    Z - +2 broad axe (elec)
rCold   . . .      Faith    .    (no shield)
rNeg    + . .      Spirit   .    n - +4 chain mail
rPois   ∞          Reflect  +    c - +1 helmet
rElec   +          Harm     .    g - +0 cloak
rCorr   .          Rampage  .    I - +1 pair of gloves
Will    +....                    p - +2 pair of boots
Stlth   ..........               u - amulet of reflection
HPRegen 0.24/turn                f - ring of Tempters {AC+4 Str+4}
MPRegen 0.16/turn                J - +6 ring of strength

@: paralysed, flying, repel missiles
A: sickness immunity, AC +10, big wings, negative energy resistance 1,
electricity resistance, torment resistance 1, petrification resistance
a: Renounce Religion, Upheaval, Elemental Force


You were on level 2 of the Orcish Mines.
You worshipped Qazlal.
Qazlal was greatly pleased with you.
You visited 4 branches of the dungeon, and saw 19 of its levels.
You also visited: Ossuary.

You collected 1304 gold pieces.
You spent 189 gold pieces at shops.

Inventory:

Hand Weapons
 R - a +3 scimitar of flaming
 Z - a +2 broad axe of electrocution (weapon)
Missiles
 d - 2 throwing nets
 q - 30 poisoned darts (quivered)
 y - 29 boomerangs
 U - 2 curare-tipped darts
Armour
 a - +0 fire dragon scales
 c - a +1 helmet (worn)
 g - a +0 cloak (worn)
 n - a +4 chain mail (worn)
 p - a +2 pair of boots (worn)
 G - a scarf of invisibility
 I - a +1 pair of gloves (worn)
 L - a +0 plate armour
 V - +0 acid dragon scales
Magical Staves
 l - a staff of air
Jewellery
 f - the ring of Tempters (left hand) {AC+4 Str+4}
   (You acquired it on level 2 of the Dungeon)

   [ring of protection]

   AC:        It affects your AC (+4).
   Str:       It affects your strength (+4).
 u - an amulet of reflection (around neck)
 z - an amulet of regeneration
 J - a +6 ring of strength (right hand)
Wands
 j - a wand of digging (8)
 r - a wand of flame (56)
 D - a wand of mindburst (7)
Scrolls
 b - 2 scrolls of summoning
 e - 4 scrolls of identify
 i - a scroll of blinking
 s - 2 scrolls of fear
 x - 6 scrolls of teleportation
 F - 3 scrolls of butterflies
 Q - a scroll of poison
 S - a scroll of magic mapping
Potions
 h - 8 potions of heal wounds
 k - 2 potions of haste
 m - a potion of berserk rage
 o - a potion of resistance
 v - 3 potions of curing
 w - 2 potions of attraction
 C - a potion of ambrosia
 E - 3 potions of might
Miscellaneous
 t - a condenser vane


   Skills:
 + Level 10.8 Fighting
 + Level 1.5 Long Blades
 + Level 14.1 Axes
 + Level 0.3(9.9) Maces & Flails
 + Level 4.9 Throwing
 + Level 10.2 Armour
 + Level 5.1 Dodging
 + Level 1.0 Stealth
 + Level 10.8 Shields
 + Level 6.5 Invocations
 * Level 5.7 Evocations


You had 13 spell levels left.
You didn't know any spells.
Your spell library contained the following spells:

 Spells                   Type           Power      Damage    Failure   Level
 Apportation              Tloc           0%         N/A       82%         1
 Beastly Appendage        Tmut           0%         N/A       82%         1
 Foxfire                  Conj/Fire      0%         2x1d4     82%         1
 Necrotise                Necr           0%         1d4       82%         1
 Wereblood                Tmut           0%         N/A       91%         2
 Ignite Poison            Fire/Tmut/Pois 0%         N/A       99%         3
 Inner Flame              Hex/Fire       0%         N/A       99%         3
 Kindle Blastsparks       Fire/Tloc/Air  0%         2d10      99%         3
 Spider Form              Tmut/Pois      0%         N/A       99%         3
 Vampiric Draining        Necr           0%         2d6       99%         3
 Anguish                  Hex/Necr       0%         N/A       100%        4
 Animate Armour           Summ/Erth      0%         N/A       100%        4
 Flame Wave               Conj/Fire      0%         2d4       100%        4
 Sticky Flame             Conj/Fire      0%         2d3       100%        4
 Agony                    Necr           0%         N/A       100%        5
 Alistair's Intoxication  Tmut/Pois      0%         N/A       100%        5
 Blade Hands              Tmut           0%         N/A       100%        5
 Irradiate                Conj/Tmut      0%         3d11      100%        5
 Iron Shot                Conj/Erth      0%         9d1       100%        6
 Dragon Form              Tmut           0%         N/A       100%        7
 Enfeeble                 Hex            0%         N/A       100%        7


Dungeon Overview and Level Annotations

Branches:
Dungeon (15/15)            Temple (1/1) D:5            Lair (1/5) D:10
    Orc (2/2) D:11            Elf (0/3) Orc:2        Vaults (0/5) D:14
Ossuary (visited)
 Depths: D:15

Altars:
Dithmenos
Elyvilon
Gozag
Hepliaklqana
Makhleb
Nemelex Xobeh
Okawaru
Qazlal
Ru
Sif Muna
Uskayaw
Vehumet
Wu Jian
Xom
Yredelemnul
Zin
The Shining One

Shops:
D:11 ?   D:12 [

Annotations:
Orc:2 Saint Roka


Innate Abilities, Weirdness & Mutations

You are immune to sickness and miasma.
Your stone body is resilient. (AC +10)
You are immune to poison.
Your large and strong wings let you fly.
You resist negative energy. (rN+)
You are resistant to electric shocks. (rElec)
You are resistant to unholy torment.
You are immune to petrification.


Message History

An orc warlord comes into view.
It is wielding a +0 war axe and wearing a +10 plate armour of ponderousness.
An orc priest comes into view. It is wielding a +0 hand axe.
An orc warrior comes into view. It is wielding a +0 flail.
An orc comes into view. It is wielding a +0 hand axe.
An orc sorcerer comes into view. It is wielding a +0 dagger.
Saint Roka roars a battlecry!
You block the orc warrior's attack.
The orc warrior shoots a bolt.
The bolt hits your earth elemental!!
Your earth elemental hits the orc high priest!
Your earth elemental barely misses the orc warrior.
Your earth elemental closely misses the orc warrior.
You hit the orc warrior.
The orc warrior is lightly wounded.
The orc warrior closely misses you.
The orc warrior hits your earth elemental with a +0 battleaxe!
The orc warrior barely misses your earth elemental.
The orc sorcerer casts a spell at you.
You suddenly lose the ability to move!
An orc priest comes into view. It is wielding a +0 hand axe.
An orc comes into view. It is wielding a +0 short sword.
The troll bites your earth elemental! The troll claws your earth elemental.
The troll claws your earth elemental!
Your earth elemental is destroyed!
Your earth elemental disappears in a puff of smoke!
An orc comes into view. It is wielding a +0 dagger.
Saint Roka invokes the aid of Beogh against you.
Beogh smites you!
The orc warrior hits you from afar with a +0 halberd!
The orc knight is engulfed in blazing flames.
The orc knight barely misses you.
The orc warrior unwields a +0 hand axe.
The orc warrior wields a +0 arbalest.
The orc warrior shoots a bolt.
The bolt hits you!
* * * LOW HITPOINT WARNING * * *
An orc knight comes into view. It is wielding a +0 great mace.
The orc warrior hits you with a +0 battleaxe!
* * * LOW HITPOINT WARNING * * *
The orc warrior hits your earth elemental but does no damage.
Saint Roka mumbles some strange prayers to Beogh against you.
Beogh smites you!
You die...

#### ### ##
##.#.###.#####.##
##.....#.○○#...>.#
.........[E§.....#
.........)@oTo....
.........☼§o§....#
........4§oohoh..#
#......oo4oT4o...#
......oT..)E.#....
............o.....
....o....)o...oo#o
..#.#o..#..oo..oo#
.....#.##.........


You could see Saint Roka (strong), an orc warlord (strong), 2 orc knights, an
orc high priest (strong, ally target), an orange demon (summoned), an ice devil
(summoned), 3 trolls, 2 wargs, 2 orc sorcerers, a red devil (summoned), 6 orc
warriors, 2 orc priests, 5 orcs and 2 friendly earth elementals.

Vanquished Creatures
  An ironbound preserver (D:14)
  Snorg (Orc:1)
  An ogre mage (D:14)
  2 hydras
  Erolcha (D:12)
  4 centaur warriors (D:14)
  A catoblepas (D:9)
  6 two-headed ogres
  A boulder beetle (D:8)
  Erica (D:8)
  An obsidian statue (D:12)
  An orange crystal statue (D:12)
  A harpy (D:9)
  A deep elf pyromancer (D:12)
  An orc knight (Orc:1)
  5 manticores
  4 orc sorcerers
  5 cyclopes
  4 ugly things
  Psyche (D:8)
  A gargoyle (D:14)
  4 komodo dragons
  An unseen horror (D:12)
  A rime drake (D:10)
  A freezing wraith (D:14)
  7 trolls
  6 slime creatures (D:10)
  A centaur simulacrum (D:14)
  A spriggan (shapeshifter) (D:13)
  3 wyverns
  3 basilisks
  6 humans
  2 wraiths
  17 yaks
  A vampire (D:11)
  2 steam dragons
  7 vampire mosquitoes
  4 wargs (Orc:1)
  5 acid dragons
  3 water moccasins
  24 orc warriors
  A swamp drake (D:11)
  2 black bears
  A sky beast (D:6)
  10 ogres
  A centaur (shapeshifter) (D:12)
  10 centaurs
  A phantom (D:6)
  5 kobold brigands
  3 bullfrogs
  4 gnoll sergeants
  A necrophage (D:6)
  5 scorpions
  20 wights
  2 killer bees (D:9)
  6 howler monkeys
  2 jellies
  4 hounds
  6 orc priests
  2 gnoll boudas
  An iguana (D:4)
  18 orc wizards
  2 hound zombies (Ossuary)
  4 mummies (Ossuary)
  14 gnolls
  9 adders
  A shadow imp (D:6)
  A white imp (D:5)
  An ufetubus (D:6)
  2 adder zombies (Ossuary)
  3 worms
  A dart slug (D:1)
  76 orcs
  7 ball pythons
  7 bats
  5 endoplasms
  2 giant cockroaches
  A gnoll zombie (Ossuary)
  5 goblins
  4 hobgoblins
  11 jackals
  5 quokkas
  3 frilled lizards
  A hobgoblin zombie (Ossuary)
  A jackal zombie (Ossuary)
  11 kobolds
  2 kobold zombies (Ossuary)
  An orc zombie (Ossuary)
  7 rats
  2 rat zombies (Ossuary)
437 creatures vanquished.

Vanquished Creatures (collateral kills)
  A fire dragon (D:8)
  A boulder beetle (D:14)
  A centaur (D:9)
3 creatures vanquished.

Vanquished Creatures (others)
  An orc warrior (Orc:2)
  An orc priest (Orc:2)
  26 fungi
  20 plants
48 creatures vanquished.

Grand Total: 488 creatures vanquished

Notes
Turn   | Place    | Note
-------+----------+-------------------------------------------
     0 | D:1      | jlumianski the Gargoyle Gladiator began the quest for the
                  | Orb.
     0 | D:1      | Reached XP level 1. HP: 12/12 MP: 1/1
    85 | D:1      | Reached XP level 2. HP: 6/17 MP: 2/2
   303 | D:1      | Reached skill level 3 in Axes
   524 | D:3      | Reached XP level 3. HP: 2/22 MP: 3/3
  1186 | D:1      | Found a faded altar of an unknown god.
  1855 | D:2      | Reached skill level 1 in Armour
  1913 | D:2      | Reached XP level 4. HP: 25/27 MP: 4/4
  2629 | D:2      | Identified a scroll of acquirement
  2629 | D:2      | Acquired the ring of Tempters {AC+4 Str+4}
  3172 | D:3      | Reached XP level 5. HP: 18/31 MP: 5/5
  3732 | D:4      | Reached skill level 1 in Shields
  3869 | D:4      | Reached skill level 4 in Axes
  3887 | D:4      | Reached XP level 6. HP: 27/36 MP: 6/6
  3960 | D:4      | Found a radiant altar of Vehumet.
  4367 | D:4      | Reached skill level 5 in Axes
  4367 | D:4      | Reached XP level 7. HP: 32/41 MP: 7/7
  4444 | D:5      | Entered Level 5 of the Dungeon
  4483 | D:5      | Found a staircase to the Ecumenical Temple.
  4498 | Temple   | Entered the Ecumenical Temple
  4515 | Temple   | Became a worshipper of Qazlal Stormbringer
  4552 | D:5      | Found a sand-covered staircase.
  4557 | Ossuary  | Entered an ossuary
  4807 | Ossuary  | Reached skill level 7 in Axes
  4807 | Ossuary  | Reached skill level 5 in Armour
  4807 | Ossuary  | Reached skill level 5 in Shields
  4807 | Ossuary  | Reached XP level 8. HP: 51/51 MP: 7/11
  4988 | D:4      | Reached * piety under Qazlal
  5144 | D:5      | Reached skill level 5 in Evocations
  5144 | D:5      | Reached XP level 9. HP: 57/57 MP: 11/13
  5618 | D:5      | Reached skill level 8 in Axes
  6202 | D:6      | Reached XP level 10. HP: 61/63 MP: 14/14
  6439 | D:6      | Reached ** piety under Qazlal
  6883 | D:9      | Noticed a two-headed ogre
  7008 | D:8      | Found a shadowy altar of Dithmenos.
  7026 | D:8      | Identified the +0 leather armour of the Kraken {Str+6}
  7112 | D:8      | Noticed Psyche
  7121 | D:8      | Killed Psyche
  7664 | D:7      | Reached skill level 9 in Axes
  7742 | D:7      | Found a glowing silver altar of Zin.
  7742 | D:7      | Found a white marble altar of Elyvilon.
  7742 | D:7      | Found a glowing golden altar of the Shining One.
  7782 | D:7      | Found a sparkling altar of Nemelex Xobeh.
  7905 | D:7      | Reached *** piety under Qazlal
  8037 | D:8      | Noticed Erica
  8046 | D:8      | Killed Erica
  8047 | D:8      | Reached XP level 11. HP: 54/68 MP: 15/15
  8389 | D:10     | Entered Level 10 of the Dungeon
  8571 | D:10     | Reached skill level 10 in Axes
  9045 | D:9      | Reached skill level 5 in Dodging
  9061 | D:9      | Noticed a five-headed hydra
  9077 | D:9      | Killed a five-headed hydra
  9077 | D:9      | Noticed a catoblepas
  9086 | D:9      | Killed a catoblepas
  9423 | D:8      | Killed a two-headed ogre
  9508 | D:9      | Noticed a harpy
  9508 | D:9      | Noticed a boulder beetle
  9522 | D:9      | Killed a harpy
  9523 | D:9      | Reached skill level 11 in Axes
  9580 | D:8      | Killed a boulder beetle
  9643 | D:8      | Reached XP level 12. HP: 69/75 MP: 16/16
  9764 | D:9      | Reached **** piety under Qazlal
 10242 | D:9      | Noticed a fire dragon
 10917 | D:10     | Reached skill level 12 in Axes
 10990 | D:10     | Found a staircase to the Lair.
 11408 | D:8      | Killed a fire dragon
 11658 | D:9      | Found an iron altar of Okawaru.
 11930 | D:9      | Found an opulent altar of Gozag.
 11990 | D:9      | Found a burning altar of Makhleb.
 12466 | D:11     | Found Sohiumo's Magic Scroll Emporium.
 12485 | D:11     | Bought a scroll of identify for 28 gold pieces
 12485 | D:11     | Bought a scroll of blinking for 105 gold pieces
 12485 | D:11     | Bought a scroll of identify for 28 gold pieces
 12485 | D:11     | Bought a scroll of identify for 28 gold pieces
 12924 | D:12     | Noticed Erolcha
 12935 | D:12     | Killed Erolcha
 13214 | D:11     | Found a staircase to the Orcish Mines.
 13350 | D:12     | Found Usku Ecu's Armour Emporium.
 13509 | D:12     | Reached XP level 13. HP: 62/80 MP: 17/17
 14555 | D:12     | Identified the +5 halberd "Tupev" {speed, rPois rC+}
 14673 | D:13     | Reached skill level 13 in Axes
 15182 | D:14     | Reached skill level 1 in Stealth
 15347 | D:14     | Reached skill level 10 in Fighting
 15347 | D:14     | Reached skill level 1 in Long Blades
 15431 | D:15     | Entered Level 15 of the Dungeon
 15607 | D:14     | Reached skill level 10 in Shields
 15712 | D:13     | Found a shimmering altar of Xom.
 15763 | D:14     | Noticed an ironbound preserver
 15780 | D:14     | Killed an ironbound preserver
 16054 | D:14     | Found a gate to the Vaults.
 16551 | D:14     | Reached skill level 10 in Armour
 16788 | Lair:1   | Entered Level 1 of the Lair of Beasts
 16818 | D:10     | Gained mutation: Your large and strong wings let you fly.
                  | [Gargoyle growth]
 16818 | D:10     | Reached XP level 14. HP: 85/88 MP: 18/18
 16888 | Orc:1    | Entered Level 1 of the Orcish Mines
 17094 | Orc:1    | Noticed Snorg
 17108 | Orc:1    | Killed Snorg
 17415 | Orc:2    | Entered Level 2 of the Orcish Mines
 17415 | Orc:2    | Found a staircase to the Elven Halls.
 17542 | Orc:1    | Reached skill level 14 in Axes
 17740 | Orc:2    | Noticed Saint Roka
 17746 | Orc:2    | Noticed an orc warlord
 17747 | Orc:2    | Paralysed by an orc sorcerer for 2 turns
 17748 | Orc:2    | Killed from afar by Saint Roka

Illustrated notes

Levels and vault maps discovered:
D:1:      psy_arrival_spokes, layout_basic, hellmonk_ecumenical_altar_blasted,
          corexii_corridor_pit
D:2:      layout_loops_ring
D:3:      layout_rooms, serial_curves, eino_curves_03, eino_curves_04,
          minmay_circle_x
D:4:      layout_rooms, vehumet_altar_wand_db, grunt_ministairs_10,
          uniq_eustachio
D:5:      layout_basic, minmay_temple_entry_gardened_gates, enter_ossuary_2
D:6:      layout_rooms, minmay_misc_feat_cross, kennysheep_donut
D:7:      layout_basic, good_gods_mini_temple, mainiacjoe_overflow_chevrons,
          minmay_ruffians
D:8:      layout_cave_pools, nicolae_dithmenos_shadow_blocks,
          kennysheep_small_square, uniq_erica, uniq_psyche
D:9:      nzn_winding_woodlands_large [nzn_winding_woodlands_5x5_three,
          nzn_winding_woodlands_5x15_pool, nzn_winding_woodlands_5x5_default,
          nzn_winding_woodlands_center_lodge,
          nzn_winding_woodlands_15x15_killbox,
          nzn_winding_woodlands_center_garden,
          nzn_winding_woodlands_5x5_default,
          nzn_winding_woodlands_5x15_split_checker,
          nzn_winding_woodlands_5x5_checkerboard], layout_loops_ring,
          marbit_many_paths, mainiacjoe_overflow_alcove_2,
          lightli_temple_of_fire, nicolae_figureground_pulse
D:10:     layout_basic, grunt_lair_entry_orc_guard_hut
D:11:     layout_rooms, erik_orc_1, serial_shops, shop, minivault_21
D:12:     layout_long_grid, serial_shops, nicolae_shop_window_shopping,
          minmay_more_statues, uniq_erolcha
D:13:     layout_stronghold, amcnicky_mini_corridor_feature, xom_confusion_cloud
D:14:     layout_loops_ring, skrybe_vaults_entry_preservation,
          hangedman_decor_lopped, grunt_livestock, bh_walls_and_bars
D:15:     gammafunk_enter_depths_forms, layout_rooms, hangedman_decor_slide_cut,
          uniq_roxanne
Temple:   nicolae_temple_ecumenical_triangle
Lair:1:   layout_hall_layers, chequers_serial_rivers_micro_d
Orc:1:    layout_caves, uniq_snorg
Orc:2:    grunt_orc_gardens, layout_caves, grunt_orc_garden, grunt_orc_garden,
          grunt_orc_garden, grunt_orc_garden, basic_altar,
          gammafunk_ghost_arena, rock_pile, uniq_saint_roka

Skill      XL: |  1  2  3  4  5  6  7  8  9 10 11 12 13 14 |
---------------+-------------------------------------------+-----
Axes           | 3 4 5 7 8 9 11 12 13 14 | 14.1
Throwing       | 2 4 |  4.9
Dodging        | 3 4 5 |  5.1
Armour         | 1 2 5 6 7 8 9 10 | 10.2
Shields        | 1 2 5 6 7 8 9 10 | 10.8
Fighting       | 3 6 7 8 9 10 | 10.8
Invocations    | 4 6 |  6.5
Evocations     | 4 5 |  5.7
Stealth        | 1 |  1.0
Long Blades    | 1 |  1.5
Maces & Flails | |  0.3

Action                   |  1- 3 |  4- 6 |  7- 9 | 10-12 | 13-15 || total
-------------------------+-------+-------+-------+-------+-------++-------
Melee: War axe           |   112 |   228 |   162 |   263 |       ||   765
       Punch             |     1 |     3 |     2 |     4 |     5 ||    15
       Battleaxe         |       |       |       |   221 |       ||   221
       Dire flail        |       |       |       |     3 |       ||     3
       Broad axe         |       |       |       |   150 |   316 ||   466
       Scimitar          |       |       |       |       |     8 ||     8
Throw: Javelin           |       |     2 |     3 |       |       ||     5
       Dart              |       |     1 |    14 |    10 |     8 ||    33
       Throwing net      |       |       |     1 |       |       ||     1
Invok: Upheaval          |       |       |       |     1 |     1 ||     2
       Elemental Force   |       |       |       |     3 |     6 ||     9
Evoke: Wand              |       |       |       |     2 |       ||     2
  Use: Scroll            |       |    12 |     8 |     7 |     3 ||    30
       Potion            |       |     3 |     6 |     1 |     1 ||    11
 Stab: Paralysed         |       |       |       |     2 |       ||     2
Armor: Leather armour    |    74 |   150 |    29 |       |       ||   253
       Scale mail        |       |       |    30 |       |       ||    30
       Chain mail        |       |       |    26 |    27 |    49 ||   102
       Plate armour      |       |       |       |   504 |   191 ||   695
       Skin              |       |       |       |    12 |       ||    12
Dodge: Dodged            |    92 |   165 |    93 |   316 |   146 ||   812
       Repelled          |       |       |       |     1 |     2 ||     3
Block: Other             |       |    71 |    46 |   319 |   192 ||   628
       Reflection        |       |       |       |    18 |    12 ||    30

Table legend: (Time is in decaauts)
 A = Elapsed time spent in this place.
 B = Non-inter-level travel time spent in this place.
 C = Inter-level travel time spent in this place.
 D = Time resting spent in this place.
 E = Time spent auto-exploring this place.
 F = Levels seen in this place.
 G = Mean time per level.
                   A        B        C        D        E       F      G
               +--------+--------+--------+--------+--------+-----+--------+
         Total |  17949 |  17379 |    570 |   2462 |   8466 |  20 |  897.5 |
       Dungeon |  16718 |  16150 |    568 |   2106 |   8163 |  15 | 1114.5 |
        Temple |     34 |     34 |      0 |      0 |      0 |   1 |   34.0 |
          Lair |     16 |     16 |      0 |      0 |      0 |   1 |   16.0 |
  Orcish Mines |    862 |    862 |      0 |    281 |    267 |   2 |  431.0 |
       Ossuary |    318 |    318 |      0 |     75 |     36 |   1 |  318.0 |
               +--------+--------+--------+--------+--------+-----+--------+

Top non-repeatable levels by time:
     D:9: 2125 daAuts
    D:14: 1742 daAuts
     D:8: 1694 daAuts
     D:3: 1573 daAuts
    D:12: 1369 daAuts
     D:1: 1239 daAuts
    D:10: 1180 daAuts
     D:2: 1168 daAuts
    D:11: 1055 daAuts
     D:4: 835 daAuts
     D:7: 813 daAuts
     D:6: 810 daAuts
   Orc:1: 803 daAuts
     D:5: 761 daAuts
    D:13: 335 daAuts
